 Dungeon Crawl Stone Soup version 0.17-a0-1403-g9df874c (webtiles) character file.

42 OTRawrior the Magician (level 3, 0/19 HPs)
             Began as a Gargoyle Wizard on June 20, 2015.
             Slain by a worm (9 damage)
             ... on level 2 of the Dungeon.
             The game lasted 00:03:11 (1197 turns).

OTRawrior the Magician (Gargoyle Wizard)            Turns: 1197, Time: 00:03:11

Health: 0/19       AC:  5    Str: 11    XL:     3   Next: 56%
Magic:  1/7        EV: 11    Int: 18    God:
Gold:   40         SH:  0    Dex:  8    Spells: 2 memorised, 5 levels left

rFire  . . .     SeeInvis .     (no weapon)
rCold  . . .     Clarity  .     a - +0 robe
rNeg   + . .     SustAt   .     (no shield)
rPois  ∞         Gourm    .     b - +0 hat
rElec  +         Spirit   .     (no cloak)
rCorr  .         Warding  .     (no gloves)
rMut   .         Stasis   .     (no boots)
MR     .....                    (no amulet)
Stlth  ++........               (no ring)
                                (no ring)

@: not resistant to hostile enchantments, unstealthy
A: negative energy resistance 1, electricity resistance, unbreathing,
petrification resistance, rot immunity, AC +3
a: no special abilities


You were on level 2 of the Dungeon.
You were not hungry.

You visited 1 branch of the dungeon, and saw 2 of its levels.

You collected 40 gold pieces.

Inventory:

Armour
 a - a +0 robe (worn)
 b - a +0 hat (worn)
Scrolls
 g - a scroll of enchant armour {unknown}
 k - a scroll of blinking {unknown}
 l - 4 scrolls of identify {unknown}
Potions
 e - 2 potions of heal wounds {unknown}
 i - a potion of agility {unknown}
 j - 2 potions of mutation {unknown}
Books
 c - a book of Minor Magic

   Spells                             Type                      Level
   a - Magic Dart                     Conjuration                  1
   b - Blink                          Translocation                2
   c - Call Imp                       Summoning                    2
   d - Repel Missiles                 Charms/Air                   2
   e - Slow                           Hexes                        2
   f - Conjure Flame                  Conjuration/Fire             3
   g - Mephitic Cloud                 Conjuration/Poison/Air       3
Comestibles
 d - 3 bread rations
 f - 2 meat rations
 h - 2 chunks of flesh
 m - 9 fruits


   Skills:
 - Level 1.5 Dodging
 - Level 2.1 Stealth
 + Level 3.4 Spellcasting
 + Level 3.0 Conjurations
   Level 0.8 Summonings
   Level 0.8 Translocations


You had 5 spell levels left.
You knew the following spells:

 Your Spells              Type           Power        Failure   Level  Hunger
a - Magic Dart            Conj           ##..         6%          1    None
A - Repel Missiles        Chrm/Air       #.....       28%         2    ##.....


Dungeon Overview and Level Annotations

Branches:
Dungeon (2/15)

Altars:


Innate Abilities, Weirdness & Mutations

You are resistant to torment.
Your stone body is resilient (AC +3).
You are immune to poison.
You resist negative energy.
You are resistant to electric shocks.
You can survive without breathing.
You are immune to petrification.
You are immune to rotting.


Message History

The worm bites you.
Casting: Magic Dart
Confirm with . or Enter, or press ? or * to list all spells.
Aiming: Magic Dart
Press: ? - help, Shift-Dir - straight line, f/p - worm
Aim: a worm (heavily wounded)
The magic dart hits the worm.
The worm is heavily wounded.
Casting: Magic Dart
Confirm with . or Enter, or press ? or * to list all spells.
Aiming: Magic Dart
Press: ? - help, Shift-Dir - straight line, f/p - worm
Aim: a worm (heavily wounded)
The magic dart hits the worm.
The worm is almost dead.
The worm closely misses you.
You hit the worm but do no damage.
The worm is severely wounded.
The worm bites you!
You die...

######.#
#...##.# #.#
..#..#.#######.#
.###.........#.#
..#......###.#.#
#...#.....##.#.#
######...###.#.#
# ##.##
#.#.######## #.#
#....@.....# #.#
##.###w..$...
##+## #..#
.##.##.
##...###.## .#
.# ##.....##.#
.. ##.......#.#
..
###..........##
...
..'.........+..
.#.
###..........#


You could see a worm.

Vanquished Creatures
  An adder (D:2)
  2 giant geckos (D:1)
  5 bats
  2 giant cockroaches (D:1)
  5 goblins (D:1)
  8 hobgoblins (D:1)
  3 kobolds
  5 rats
31 creatures vanquished.

Notes
Turn   | Place    | Note
--------------------------------------------------------------
     0 | D:1      | OTRawrior the Gargoyle Wizard began the quest for the Orb.
     0 | D:1      | Reached XP level 1. HP: 10/10 MP: 4/4
   227 | D:1      | Reached XP level 2. HP: 12/15 MP: 0/6
   309 | D:1      | Learned a level 2 spell: Repel Missiles
   864 | D:1      | Reached XP level 3. HP: 19/19 MP: 4/7
  1197 | D:2      | Slain by a worm

Vault maps used:
D:1:      lightli_arrival_windingriver
D:2:      okawaru_gym_becter

Action                   || total
-------------------------++-------
Melee: Unarmed           ||    37
 Cast: Magic Dart        ||    84
  Eat: Chunk             ||     1
